Map: Catalisador LE

Players

IagoAbreu

  • Race: Zerg Zerg
  • League: Gold
  • Spawn Location: 11:00

TouchMe - Winner!

  • Race: Zerg Zerg
  • Spawn Location: 5:00

VOD

Have the link to the VOD?

Description

Time

  • Played on: May 12, 2018, 11:02 a.m.
  • Length: 19:49
Show
View Real Time Build Order
Export as new Build Order

IagoAbreu Zerg 

Build Orders: Pool First 

Get SALT Encoding   

  12  0:01  Drone  
  13  0:13  Overlord  
  13  0:18  Drone  
  13  0:21  Extractor  
  13  0:24  Drone  
  14  0:31  Drone  
  15  0:37  Extractor  
  15  0:39  Drone  
  15  0:54  Spawning Pool  
  14  0:58  Drone  
  15  1:05  Drone  
  16  1:14  Evolution Chamber  
  15  1:19  Drone  
  17  1:25  Drone  
  17  1:33  Drone  
  18  1:48  Queen  
  20  1:58  Drone x2  
  22  2:10  Roach Warren  
  21  2:19  Drone  
  21  2:21  Overlord  
  22  2:49  Queen  
  23  3:36  Zergling x10  
  23  3:37  Zergling x4  
  23  3:39  Overlord x2  
  28  3:52  Queen  
  25  4:16  Hatchery  
  24  4:17  Roach  
  24  4:18  Roach x2  
  26  4:34  Roach  
  26  4:37  Zerg Missile Weapons Level 1  
  26  5:03  Roach x4  
  26  5:04  Roach x2  
  38  5:14  Hatchery  
  37  5:28  Ravager  
  38  5:33  Overlord x2  
  38  6:02  Roach x3  
  44  6:04  Ravager x2  
  44  6:05  Ravager x6  
  44  6:06  Ravager  
  53  6:31  Overlord x2  
  53  6:49  Queen  
  55  6:59  Drone x3  
  58  7:02  Drone x2  
  58  7:03  Drone  
  46  7:38  Zergling x16  
  46  7:39  Zergling x2  
  34  8:03  Metabolic Boost  
  34  8:09  Lair  
  25  8:43  Roach x5  
  25  8:44  Roach x4  
  43  9:31  Zerg Missile Weapons Level 2  
  43  9:39  Roach x2  
  43  9:40  Roach x4  
  55  9:54  Zergling x2  
  55  9:55  Zergling x10  
  55  9:59  Extractor  
  60  10:12  Drone x2  
  60  10:13  Drone x3  
  65  10:23  Roach  
  67  10:30  Overlord  
  67  10:31  Overlord  
  67  11:01  Spire  
  66  11:04  Hatchery  
  65  11:12  Queen  
  65  11:16  Pneumatized Carapace  
  67  11:38  Unknown x3  
  67  12:13  Roach  
  67  12:14  Mutalisk x2  
  67  12:15  Mutalisk x4  
  77  12:21  Drone  
  82  12:28  Ravager x3  
  61  13:18  Mutalisk x2  
  65  13:22  Zerg Flyer Weapons Level 1  
  65  13:23  Overlord x2  
  65  13:24  Overlord x2  
  65  13:41  Overseer  
  65  13:42  Overseer  
  65  13:56  Zerg Ground Armor Level 1  
  65  14:03  Drone x4, Extractor  
  65  14:04  Drone  
  65  14:05  Drone x3  
  71  14:45  Mutalisk x6  
  83  14:53  Drone x3  
  83  14:54  Drone x2  
  83  14:57  Extractor  
  87  15:14  Extractor  
  86  15:49  Overseer  
  86  15:51  Overseer  
  86  15:57  Mutalisk x5  
  86  16:00  Overlord x2  
  86  16:01  Overlord  
  96  16:07  Zerg Flyer Weapons Level 2  
  96  16:42  Mutalisk x2  
  96  16:43  Mutalisk x2  
  74  17:11  Mutalisk x2  
  37  17:37  Mutalisk x2  
  19  18:07  Zergling x4  
  19  18:08  Zergling x10  
  17  18:45  Hatchery  
Show
View Real Time Build Order
Export as new Build Order

TouchMe Zerg - Winner!

Build Orders: Hatch First 

Get SALT Encoding   

  12  0:01  Drone  
  13  0:11  Drone  
  14  0:20  Overlord  
  14  0:39  Drone x3  
  17  0:52  Drone  
  18  1:02  Hatchery  
  17  1:06  Drone  
  17  1:09  Extractor  
  17  1:14  Drone  
  18  1:22  Drone  
  19  1:37  Spawning Pool  
  19  1:39  Drone  
  19  1:49  Overlord  
  19  2:05  Drone  
  19  2:06  Drone  
  21  2:24  Queen  
  21  2:25  Queen  
  21  2:26  Zergling x2, Extractor  
  21  2:27  Zergling x2  
  27  2:30  Zergling x4  
  28  2:42  Spine Crawler  
  28  2:43  Zergling x2  
  27  2:46  Metabolic Boost  
  27  2:48  Drone x2  
  29  3:02  Drone x2  
  31  3:12  Overlord  
  31  3:13  Overlord x2  
  30  3:48  Zergling x12  
  33  3:49  Zergling x4  
  36  4:01  Baneling Nest  
  34  4:02  Drone  
  34  4:03  Drone x2  
  34  4:08  Drone x2  
  38  4:28  Lair  
  38  4:30  Roach Warren  
  33  4:34  Spore Crawler  
  33  4:38  Zergling x12  
  35  4:39  Zergling x2  
  35  4:43  Drone x2  
  37  5:01  Drone x3  
  37  5:05  Queen  
  42  5:07  Drone x2  
  44  5:15  Baneling x2  
  44  5:16  Baneling x2  
  44  5:19  Evolution Chamber  
  44  5:20  Evolution Chamber  
  42  5:22  Evolution Chamber  
  42  5:25  Drone x2  
  42  5:28  Drone  
  44  5:42  Drone x4  
  48  5:54  Roach x2  
  52  5:57  Overlord  
  52  6:05  Zerg Melee Weapons Level 1  
  52  6:06  Zerg Ground Armor Level 1  
  52  6:07  Zerg Missile Weapons Level 1  
  52  6:12  Extractor  
  52  6:14  Extractor  
  52  6:15  Drone x2  
  52  6:23  Ravager x2  
  54  6:34  Roach x3  
  54  6:36  Overlord x3  
  60  6:53  Overseer  
  58  7:13  Roach x4  
  58  7:14  Roach x3  
  36  7:44  Drone  
  36  7:45  Drone x3  
  38  8:09  Infestation Pit  
  38  8:11  Roach x2  
  38  8:12  Roach x4  
  49  8:21  Queen  
  50  8:41  Ravager x3  
  53  8:46  Drone x3  
  56  8:57  Queen  
  58  9:06  Hydralisk Den  
  58  9:07  Hive  
  58  9:08  Drone x6  
  58  9:09  Drone  
  64  9:19  Tunneling Claws  
  64  9:34  Queen  
  64  9:36  Hatchery  
  65  9:46  Grooved Spines, Hydralisk x4  
  65  9:49  Zergling x4  
  65  9:50  Zergling x10  
  80  10:35  Drone x3  
  83  10:44  Burrow  
  83  10:47  Overlord x4  
  83  11:16  Drone x3  
  86  11:23  Hydralisk x4  
  86  11:24  Hydralisk x2  
  98  11:27  Zerg Melee Weapons Level 2  
  98  11:28  Zerg Ground Armor Level 2, Zerg Missile Weapons Level 2  
  98  12:04  Baneling x3  
  98  12:05  Baneling x6  
  98  12:06  Baneling x5  
  98  12:10  Ravager x3  
  101  13:14  Hydralisk x3  
  101  13:15  Hydralisk x6  
  101  13:17  Drone x3  
  101  13:19  Overlord x2  
  122  13:24  Spore Crawler  
  122  13:26  Drone  
  122  13:31  Overlord x3  
  122  14:05  Ravager x2  
  122  14:06  Ravager x3  
  127  14:12  Lurker Den  
  126  14:19  Spire  
  126  14:20  Pneumatized Carapace  
  126  14:22  Zerg Melee Weapons Level 3  
  125  14:28  Extractor  
  125  14:29  Drone x6, Extractor  
  125  14:30  Drone x3  
  132  14:42  Muscular Augments, Hydralisk  
  132  14:43  Hydralisk x2  
  138  14:52  Hatchery  
  138  14:54  Hatchery  
  136  15:09  Drone  
  136  15:10  Drone x3  
  140  15:30  Extractor x2  
  140  15:35  Zergling x12  
  143  15:36  Zergling x12  
  143  15:37  Zergling x12  
  143  15:38  Zergling x2  
  143  15:39  Extractor  
  156  15:46  Extractor  
  155  16:24  Queen  
  157  16:41  Hydralisk x6  
  157  16:42  Hydralisk x2  
  142  18:01  Greater Spire  
  142  18:12  Drone x3  
  143  18:39  Zergling x6  
  143  18:40  Zergling x12  
Tags
 
Add a new tag
Caveats
  • Supply blocks, unpowered buildings, or Contaminate may cause inaccurate times.
  • Supply counts are checked every 10 seconds.